 Dungeon Crawl Stone Soup version 0.31.0-32-g396128a36d (webtiles) character file.

Game seed: 2424101569764343851

53691 Peloso the Fencer (level 14, -6/129 HPs)
             Began as a Minotaur Fighter on Mar 23, 2024.
             Was a High Priest of Okawaru.
             Mangled by a bone dragon (11 damage)
             ... on level 3 of the Abyss.
             The game lasted 00:46:31 (23547 turns).

Peloso the Fencer (Minotaur Fighter)               Turns: 23547, Time: 00:46:32

Health: -6/129     AC: 19    Str: 22    XL:     14   Next: 31%
Magic:  14/14      EV: 10    Int:  5    God:    Okawaru [*****.]
Gold:   814        SH: 12    Dex: 14    Spells: 13/13 levels left

rFire   + . .        a - +4 scimitar (flame)
rCold   + + .        d - +0 buckler
rNeg    . . .        q - +3 plate armour {rC+}
rPois   .            (helmet currently unavailable)
rElec   .            K - melded +2 cloak
rCorr   .            (gloves currently unavailable)
SInv    .            u - melded +0 pair of boots
Will    +....        x - amulet of reflection Stlth
                     H - ring of protection from cold
HPRegen 0.41/turn    F - ring of protection from fire
MPRegen 0.14/turn

%: reflection
@: on fire, beast-form, glowing
A: beast (slay +0), horns 2, retaliatory headbutt
a: Begin Untransformation, Renounce Religion, Heroism, Finesse, Duel


You were on level 3 of the Abyss.
You worshipped Okawaru.
Okawaru was extremely pleased with you.
You were a hulking beast.
You visited 4 branches of the dungeon, and saw 18 of its levels.
You visited the Abyss 1 time.
You also visited: Gauntlet, Ice Cave and Volcano.

You collected 2100 gold pieces.
You spent 1286 gold pieces at shops.

Inventory:

Hand Weapons
 a - a +4 scimitar of flaming (weapon)
 b - a +5 long sword of venom
Armour
 c - a +0 chain mail
 d - a +0 buckler (worn)
 q - a +3 plate armour of cold resistance (worn)
 u - a +0 pair of boots (melded)
 I - a +3 scale mail of fire resistance
 K - a +2 cloak (melded)
Jewellery
 x - an amulet of reflection (around neck)
 D - a ring of positive energy
 E - a ring of flight
 F - a ring of protection from fire (right hand)
 H - a ring of protection from cold (left hand)
 L - a ring of poison resistance
 P - a ring of see invisible
 Q - an amulet of magic regeneration
Talismans
 y - a beast talisman (active)
 T - a blade talisman
Wands
 m - a wand of polymorph (8)
 r - a wand of iceblast (9)
 s - a wand of flame (19)
 C - a wand of quicksilver (2)
 R - a wand of digging (5)
Scrolls
 f - 4 scrolls of immolation
 g - 4 scrolls of enchant armour
 i - 3 scrolls of amnesia
 l - 3 scrolls of enchant weapon
 n - 2 scrolls of fog
 v - 2 scrolls of poison
 w - a scroll of teleportation
 z - a scroll of blinking
 B - 6 scrolls of identify
 J - a scroll of brand weapon
 N - a scroll of silence
 S - a scroll of acquirement
Potions
 e - a potion of resistance
 h - 4 potions of haste
 j - 5 potions of heal wounds
 k - 2 potions of brilliance
 o - 5 potions of curing
 p - 2 potions of magic
 t - 3 potions of might
 A - 2 potions of enlightenment
 G - a potion of cancellation
 M - 3 potions of mutation
 O - 2 potions of attraction


   Skills:
 + Level 13.5 Fighting
 + Level 17.0 Long Blades
 + Level 14.1 Armour
 + Level 8.3 Dodging
 + Level 2.6 Stealth
 + Level 13.4 Shields
 + Level 1.5 Invocations
 + Level 2.1 Evocations


You had 13 spell levels left.
You didn't know any spells.
Your spell library contained the following spells:

 Spells                   Type           Power      Damage    Failure   Level
 Magic Dart               Conj           0%         1d3       99%         1
 Blink                    Tloc           0%         N/A       100%        2
 Ensorcelled Hibernation  Hex/Ice        0%         N/A       100%        2
 Lesser Beckoning         Tloc           0%         N/A       100%        2
 Momentum Strike          Conj/Tloc      0%         3d8       100%        2
 Fugue of the Fallen      Necr           0%         N/A       100%        3
 Ozocubu's Armour         Ice            0%         N/A       100%        3
 Passwall                 Erth           0%         N/A       100%        3
 Swiftness                Air            0%         N/A       100%        3
 Manifold Assault         Tloc           0%         N/A       100%        4
 Dispersal                Tloc           0%         N/A       100%        6
 Disjunction              Tloc           0%         N/A       100%        8
 Call Imp                 Summ           Unusable   N/A       N/A         2
 Summon Ice Beast         Ice/Summ       Unusable   N/A       N/A         3
 Summon Mana Viper        Hex/Summ       Unusable   N/A       N/A         5
 Monstrous Menagerie      Summ           Unusable   N/A       N/A         7

Dungeon Overview and Level Annotations

Branches:
Dungeon (12/15)            Temple (1/1) D:5            Lair (3/5) D:8
  Swamp (0/4) Lair:2        Snake (0/4) Lair:2          Orc (2/2) D:11
    Elf (0/3) Orc:2         IceCv (visited)         Volcano (visited)
Gauntlet (visited)

Altars:
Ashenzari
Cheibriados
Dithmenos
Elyvilon
Fedhas
Gozag
Hepliaklqana
Kikubaaqudgha
Makhleb
Nemelex Xobeh
Okawaru
Qazlal
Ru
Sif Muna
Trog
Uskayaw
Vehumet
Wu Jian
Xom
Yredelemnul
Zin
The Shining One

Shops:
D:1 (   D:6 ?(   Orc:2 *(*=

Portals:
Pandemonium: Orc:2

Annotations:
D:7 3 runed translucent doors, purpleHaze's ghost, novice DsHu
D:10 2 runed translucent doors, riffraff's ghost, journeyman OnGl
Abyss:3 2 runed translucent doors Gauntlet 13 transporters, 16 runed translucent doors


Innate Abilities, Weirdness & Mutations

You are a hulking beast.
Your limbs bulge with bestial killing power. (Slay +0)
You have a pair of horns on your head.
You reflexively headbutt those who attack you in melee.


Message History

You feel like a meek peon again. You block the ufetubus's attack. x2
The ynoxinul hits you but does no damage.
The bone dragon barely misses you. x2; The bone dragon tramples you!
You hold your ground!
The smoke demon closely misses you. The smoke demon completely misses you.
The smoke demon hits you but does no damage.
The ufetubus hits you but does no damage. x2
You hit the bone dragon but do no damage.
You headbutt the bone dragon.
The bone dragon is heavily damaged.
The ufetubus barely misses you. x2
The ynoxinul gestures at you. The iron shot hits you!!
* * * LOW HITPOINT WARNING * * *
The bone dragon barely misses you.
The bone dragon claws you but does no damage.
The bone dragon tramples you.
* * * LOW HITPOINT WARNING * * *
You hold your ground!
You block the ufetubus's attack. x2
You hit the bone dragon. You burn the bone dragon.
You headbutt the bone dragon, but do no damage.
The bone dragon is severely damaged.
The ufetubus hits you but does no damage. x2
The smoke demon gestures at you. The pyre arrow hits you.
You are covered in intense liquid fire!
The ufetubus hits you but does no damage.
The ufetubus hits you.
* * * LOW HITPOINT WARNING * * *
A large abomination comes into view.
You block the ufetubus's attack. x2
You barely miss the bone dragon.
The bone dragon is severely damaged.
The liquid fire burns you!
* * * LOW HITPOINT WARNING * * *
The ynoxinul hits you.
* * * LOW HITPOINT WARNING * * *
The bone dragon bites you!
You die...

... ## ...# . ..
...# ##.#X.. .#.
#..... ..
.####..#. #.. ...
.. ......#.## . .
#... ..#.. .....#
. #D5#......
.##h35.#..#
#..535#.#.#.
#.##555.#.#.# ##
..#.... ..##.#.
......###..##.#..#
# # #...#.. #..#
.. ..# . . #.#.#..
##.. .## #.#.# .
##. ##. #...# ..
.. #.. 3##.###.#
.. .


You could see a bone dragon, a large abomination, a smoke demon, a ynoxinul and
7 ufetubi.

Vanquished Creatures
  An orc warlord (Orc:1)
  Josephine (D:9)
  Fannar (D:11)
  2 demonspawn (Orc:2)
  Erica (D:9)
  3 hydras
  2 two-headed ogres (D:8)
  6 orc high priests (Orc:2)
  Nergalle (Orc:1)
  Sonja (D:11)
  2 soul eaters (Orc:2)
  6 skeletal warriors
  An anaconda skeleton (Volcano)
  2 orc knights (Orc:2)
  4 lindwurms (Lair:2)
  6 orc sorcerers (Orc:2)
  Maurice (D:10)
  An ugly thing (IceCv)
  2 alligator skeletons (Volcano)
  A manticore (D:11)
  2 kobold blastminers (Orc:2)
  Joseph (D:7)
  3 black mambas
  2 ice statues (IceCv)
  Maggie (Lair:2)
  5 gargoyles (Volcano)
  An unseen horror (D:10)
  8 cane toads
  An ancient zyme (Abyss:3)
  4 ice devils
  2 komodo dragons (Lair:2)
  A freezing wraith (IceCv)
  A raiju (Gauntlet)
  6 blink frogs
  2 trolls (Orc:1)
  Prince Ribbit (D:6)
  A hornet (D:9)
  A harpy skeleton (Volcano)
  A shadow (D:11)
  5 wyverns
  6 wraiths
  2 vampires (D:11)
  A dire elephant simulacrum (IceCv)
  3 wargs (Orc:2)
  35 yaks
  2 basilisks
  3 steam dragons
  A neqoxec (Abyss:3)
  6 vampire mosquitoes (D:12)
  2 nagas (Lair:2)
  An acid dragon (D:12)
  3 two-headed ogre zombies (D:11)
  5 water moccasins
  30 orc warriors
  2 laughing skulls (Volcano)
  10 wolves
  8 ogres
  4 phantoms
  A weeping skull (Volcano)
  9 bullfrogs
  A scorpion (D:4)
  A gnoll sergeant (D:11)
  3 cane toad simulacra (IceCv)
  17 wights
  9 killer bees
  2 howler monkeys (D:11)
  A troll skeleton (Volcano)
  A bombardier beetle (D:6)
  4 electric eels (Lair:1)
  4 spriggan skeletons (Volcano)
  A lava snake (D:10)
  A quasit (D:7)
  2 hounds
  A gnoll bouda (D:7)
  30 orc priests
  Natasha (thrice) (D:3)
  3 iguanas
  17 orc wizards
  A polar bear simulacrum (IceCv)
  5 ogre zombies (D:11)
  2 naga skeletons (Volcano)
  15 gnolls
  8 adders
  2 shadow imps (D:7)
  4 white imps
  2 dart slugs
  2 ribbon worms (D:3)
  70 orcs
  4 ball pythons
  8 endoplasms
  4 giant cockroaches
  2 gnoll zombies (D:11)
  9 hobgoblins
  7 jackals
  8 quokkas
  4 bats (D:1)
  4 frilled lizards
  3 gnoll skeletons (D:11)
  9 goblins
  11 kobolds
  2 orc skeletons (D:11)
  18 orc zombies (D:11)
  5 rats
538 creatures vanquished.

Vanquished Creatures (others)
  A hound (D:6)
1 creature vanquished.

Grand Total: 539 creatures vanquished

Notes
Turn   | Place    | Note
-------+----------+-------------------------------------------
     0 | D:1      | Peloso the Minotaur Fighter began the quest for the Orb.
     0 | D:1      | Reached XP level 1. HP: 19/19 MP: 0/0
   110 | D:1      | Found a faded altar of an unknown god.
   113 | D:1      | Reached XP level 2. HP: 23/27 MP: 1/1
   345 | D:1      | Found Mead's Antique Weapon Boutique.
   379 | D:1      | Reached skill level 3 in Long Blades
   402 | D:1      | Reached XP level 3. HP: 33/33 MP: 2/2
  1552 | D:3      | Noticed Natasha
  1559 | D:3      | Killed Natasha
  1560 | D:3      | Reached XP level 4. HP: 30/41 MP: 3/3
  1735 | D:3      | Noticed Natasha
  1743 | D:3      | Killed Natasha
  1882 | D:3      | Noticed Natasha
  1892 | D:3      | Killed Natasha
  1893 | D:3      | Reached skill level 4 in Long Blades
  1893 | D:3      | Reached XP level 5. HP: 22/47 MP: 4/4
  2461 | D:3      | Reached skill level 1 in Dodging
  2643 | D:4      | Reached skill level 5 in Armour
  2878 | D:4      | Noticed an ogre
  3176 | D:4      | Killed an ogre
  3177 | D:4      | Reached skill level 5 in Fighting
  3177 | D:4      | Reached skill level 5 in Long Blades
  3177 | D:4      | Reached XP level 6. HP: 53/56 MP: 5/5
  3755 | D:5      | Entered Level 5 of the Dungeon
  3807 | D:5      | Reached XP level 7. HP: 19/61 MP: 6/6
  3976 | D:5      | Found a staircase to the Ecumenical Temple.
  3994 | Temple   | Entered the Ecumenical Temple
  4256 | D:5      | Reached skill level 5 in Shields
  4270 | D:5      | Reached skill level 6 in Long Blades
  4681 | D:5      | Found an iron altar of Okawaru.
  4683 | D:5      | Found an opulent altar of Gozag.
  4779 | D:6      | Noticed Prince Ribbit
  4792 | D:6      | Killed Prince Ribbit
  4893 | D:6      | Found a blossoming altar of Fedhas.
  4980 | D:6      | Reached XP level 8. HP: 52/69 MP: 7/7
  5051 | D:6      | Found Kaife's Antique Weapon Emporium.
  5437 | D:5      | Found a hide-covered altar of Uskayaw.
  5437 | D:5      | Found a hazy altar of Hepliaklqana.
  5442 | D:5      | Became a worshipper of Warmaster Okawaru
  5593 | D:6      | Found Wecyphiss's Magic Scroll Shoppe.
  5596 | D:6      | Bought a scroll of blinking for 82 gold pieces
  5596 | D:6      | Bought a scroll of enchant armour for 82 gold pieces
  5596 | D:6      | Bought a scroll of amnesia for 44 gold pieces
  6053 | D:7      | Found a runed translucent gate.
  6053 | D:7      | Found a runed translucent gate.
  6053 | D:7      | Found a runed translucent gate.
  6054 | D:7      | Noticed purpleHaze's ghost (novice DsHu)
  6201 | D:7      | Reached skill level 7 in Long Blades
  6522 | D:7      | Noticed Joseph
  6537 | D:7      | Killed Joseph
  6537 | D:7      | Reached * piety under Okawaru
  6538 | D:7      | Reached skill level 8 in Long Blades
  6548 | D:7      | Reached XP level 9. HP: 12/78 MP: 8/8
  7208 | D:7      | Reached skill level 9 in Long Blades
  7404 | D:8      | Reached ** piety under Okawaru
  7598 | D:8      | Reached skill level 10 in Long Blades
  7769 | D:8      | Noticed a two-headed ogre
  7778 | D:8      | Killed a two-headed ogre
  7778 | D:8      | Reached *** piety under Okawaru
  7804 | D:8      | Reached skill level 11 in Long Blades
  7828 | D:8      | Noticed a two-headed ogre
  7834 | D:8      | Killed a two-headed ogre
  7835 | D:8      | Reached XP level 10. HP: 75/86 MP: 9/9
  7986 | D:8      | Reached **** piety under Okawaru
  7994 | D:8      | Reached skill level 12 in Long Blades
  8088 | D:8      | Found a staircase to the Lair.
  8744 | D:9      | Reached skill level 10 in Armour
  8859 | D:9      | Reached skill level 1 in Evocations
  9170 | D:9      | Reached ***** piety under Okawaru
  9177 | D:9      | Reached skill level 5 in Dodging
  9312 | D:9      | Noticed Erica
  9321 | D:9      | Killed Erica
  9322 | D:9      | Reached skill level 13 in Long Blades
  9663 | D:10     | Entered Level 10 of the Dungeon
  9666 | D:10     | Found a large runed translucent door.
  9666 | D:10     | Found a large runed translucent door.
  9717 | D:10     | Noticed riffraff's ghost (journeyman OnGl)
  9832 | D:10     | Reached XP level 11. HP: 89/94 MP: 10/10
 10005 | D:10     | Noticed Josephine
 10035 | D:9      | Killed Josephine
 10036 | D:9      | Reached skill level 1 in Stealth
 10674 | D:10     | Noticed Maurice
 10705 | D:10     | Maurice stole a ring of positive energy
 10708 | D:10     | Killed Maurice
 11297 | D:11     | Found a staircase to the Orcish Mines.
 11429 | D:11     | Noticed Fannar
 11456 | D:11     | Reached skill level 14 in Long Blades
 11464 | D:11     | Killed Fannar
 11526 | D:11     | Noticed a skeletal warrior
 11544 | D:11     | Killed a skeletal warrior
 11544 | D:11     | Received a gift from Okawaru
 11557 | D:11     | Noticed a skeletal warrior
 11576 | D:11     | Killed a skeletal warrior
 11875 | D:11     | Noticed a skeletal warrior
 11901 | D:11     | Killed a skeletal warrior
 12138 | D:11     | Noticed Sonja
 12143 | D:11     | Killed Sonja
 12423 | D:11     | Noticed a skeletal warrior
 12437 | D:11     | Killed a skeletal warrior
 12812 | Lair:1   | Entered Level 1 of the Lair of Beasts
 12820 | Lair:1   | Reached skill level 10 in Fighting
 12820 | Lair:1   | Reached XP level 12. HP: 92/106 MP: 11/11
 12863 | Lair:1   | Noticed a four-headed hydra
 12874 | Lair:1   | Killed a one-headed hydra
 12875 | Lair:1   | Reached skill level 1 in Invocations
 12877 | Lair:1   | Received a gift from Okawaru
 13295 | Lair:1   | Reached skill level 15 in Long Blades
 13870 | Lair:2   | Reached skill level 10 in Shields
 13931 | Lair:2   | Found a staircase to the Snake Pit.
 14117 | Lair:2   | You fall into a shaft and drop 1 floor!
 14223 | Lair:3   | Noticed a six-headed hydra
 14231 | Lair:3   | Killed a two-headed hydra
 14231 | Lair:3   | Received a gift from Okawaru
 14332 | Lair:3   | Found a dark tunnel.
 14387 | Volcano  | Entered a volcano
 14757 | Volcano  | Reached ****** piety under Okawaru
 15391 | Volcano  | Reached XP level 13. HP: 75/117 MP: 10/12
 15536 | Volcano  | Reached skill level 16 in Long Blades
 15955 | Lair:2   | Received a gift from Okawaru
 16250 | Lair:2   | Found a staircase to the Swamp.
 16297 | Lair:2   | Noticed Maggie
 16316 | Lair:2   | Killed Maggie
 16773 | Lair:2   | Identified the staff of Meenneib {rPois Str-3 Dex+8 Conj
                  | Air Alchemy}
 17768 | Lair:3   | Received a gift from Okawaru
 18085 | Orc:1    | Entered Level 1 of the Orcish Mines
 18087 | Orc:1    | Found a frozen archway.
 18114 | IceCv    | Entered an ice cave
 18134 | IceCv    | Found a transporter.
 18152 | IceCv    | Found a transporter.
 18453 | Orc:1    | Noticed Nergalle
 18485 | Orc:1    | Killed Nergalle
 18739 | Orc:1    | Noticed an orc warlord
 18757 | Orc:1    | Killed an orc warlord
 19063 | Orc:2    | Entered Level 2 of the Orcish Mines
 19073 | Orc:2    | Found a staircase to the Elven Halls.
 19243 | Orc:2    | Received a gift from Okawaru
 19589 | Orc:2    | Found Migeat's General Store.
 19590 | Orc:2    | Found Xezxa's General Store.
 20281 | Orc:2    | Paralysed by an orc sorcerer for 5 turns
 21032 | Orc:2    | Received a gift from Okawaru
 21033 | Orc:2    | Reached XP level 14. HP: 107/129 MP: 14/14
 21541 | Orc:2    | Paralysed by an orc sorcerer for 3 turns
 21548 | Orc:2    | Paralysed by an orc sorcerer for 4 turns
 21996 | Orc:2    | Received a gift from Okawaru
 22267 | Orc:2    | Found Zoklasmishro's Jewellery Shoppe.
 22267 | Orc:2    | Found Hoatryub's Antique Weapon Emporium.
 22268 | Orc:2    | Found a one-way gate leading to the halls of Pandemonium.
 22270 | Orc:2    | Bought a beast talisman for 280 gold pieces
 22311 | Orc:2    | Bought a scroll of acquirement for 728 gold pieces
 22315 | Orc:2    | Bought a potion of heal wounds for 70 gold pieces
 22503 | D:12     | Reached skill level 17 in Long Blades
 22651 | D:12     | Found a gate leading to a gauntlet.
 22660 | Gauntlet | Entered a Gauntlet
 22660 | Gauntlet | Found a transporter.
 22660 | Gauntlet | Found a transporter.
 22664 | Gauntlet | Found a transporter.
 22671 | Gauntlet | Found a transporter.
 22675 | Gauntlet | Found a large runed translucent door.
 22676 | Gauntlet | Found a large runed translucent door.
 22677 | Gauntlet | Found a large runed translucent door.
 22677 | Gauntlet | Found a large runed translucent door.
 22677 | Gauntlet | Found a large runed translucent door.
 22678 | Gauntlet | Found a runed translucent door.
 22690 | Gauntlet | Found a transporter.
 22700 | Gauntlet | Found a transporter.
 22700 | Gauntlet | Found a transporter.
 22709 | Gauntlet | Found a large runed translucent door.
 22710 | Gauntlet | Found a large runed translucent door.
 22711 | Gauntlet | Found a transporter.
 22712 | Gauntlet | Found a runed translucent gate.
 22760 | Gauntlet | Found a transporter.
 22767 | Gauntlet | Found a transporter.
 22786 | Gauntlet | Found a transporter.
 22801 | Gauntlet | Found a transporter.
 22840 | Gauntlet | Found a transporter.
 22854 | Gauntlet | Found a transporter.
 23093 | Gauntlet | Found a transporter.
 23095 | Gauntlet | Found a large runed translucent door.
 23096 | Gauntlet | Found a large runed translucent door.
 23097 | Gauntlet | Found a runed translucent door.
 23097 | Gauntlet | Found a large runed translucent door.
 23097 | Gauntlet | Found a large runed translucent door.
 23098 | Gauntlet | Found a large runed translucent door.
 23103 | Gauntlet | Found a large runed translucent door.
 23103 | Gauntlet | Found a large runed translucent door.
 23105 | Gauntlet | Found a large runed translucent door.
 23105 | Gauntlet | Found a large runed translucent door.
 23107 | Gauntlet | Found a runed translucent gate.
 23107 | Gauntlet | Found a runed translucent gate.
 23110 | Gauntlet | Found a transporter.
 23452 | Abyss:3  | Found a runed translucent door.
 23452 | Abyss:3  | Found a runed translucent door.
 23452 | Abyss:3  | Cast into level 3 of the Abyss (an occultist)
 23524 | Abyss:3  | Noticed a bone dragon
 23547 | Abyss:3  | HP: 5/129 [ynoxinul (5)]
 23547 | Abyss:3  | Mangled by a bone dragon

Illustrated notes

Levels and vault maps discovered:
D:1:      ncdulo_watergridlock, layout_loops_ring,
          hellmonk_ecumenical_altar_blasted, serial_shops,
          nicolae_shop_statue_plus, minmay_octomino_j4
D:2:      layout_loops_ring, st_stairs_2, serial_bayou_pond_e,
          chequers_serial_rivers_micro_c, chequers_mini_garden
D:3:      layout_basic, nicolae_twisty_statue_hallways, uniq_natasha
D:4:      layout_cave_pods, minmay_fractal_squares_diagonal_5
D:5:      layout_basic, nicolae_overflow_hidden_temple,
          minmay_temple_entry_drinking_statues
D:6:      layout_loops_ring, fedhas_altar_4, serial_shops, shop,
          nicolae_shop_statue_plus, lemuel_flame_loot_1, uniq_prince_ribbit1
D:7:      layout_basic, serial_demonic, serial_demonic_b, serial_demonic_f,
          serial_demonic_a, serial_demonic_b, ebering_ghost_rock_garden,
          uniq_joseph
D:8:      layout_basic, lair_entry_dummy
D:9:      layout_roguey, kennysheep_donut, uniq_erica
D:10:     layout_loops_ring, ebering_ghost_disaster_area, nrook_uturn,
          kennysheep_island_fort, uniq_maurice, uniq_josephine
D:11:     layout_loops_cross, zombieorc2_lemuel, uniq_fannar, uniq_sonja
D:12:     layout_cross, gauntlet_entry_generic
Temple:   sentei_temple_godly_chess
Lair:1:   layout_misc_corridors, serial_bayou_lagoon_a, disabler_island
Lair:2:   layout_regular_city, swamp_mist, guppyfry_snake_entry_garden,
          minmay_lindwurm_lava, uniq_maggie
Lair:3:   layout_regular_city, enter_volcano_2
Orc:1:    layout_caves, portal_ice_cave_demonic_guard, uniq_nergalle
Orc:2:    pf_orc_diabolical, layout_caves
Abyss:3:  base: D:5, minivault_4
Gauntlet: gammafunk_gauntlet_branching [gammafunk_gauntlet_arena_split_x,
          nicolae_gauntlet_arena_quarters, gammafunk_gauntlet_arena_corners,
          gammafunk_gauntlet_arena_split_diamond, gammafunk_gauntlet_arena_open,
          minmay_gauntlet_arena_make_your_own_arena,
          nicolae_gauntlet_arena_grate_2, gammafunk_gauntlet_arena_crates,
          gauntlet_exit_green]

Skill      XL: |  1  2  3  4  5  6  7  8  9 10 11 12 13 14 |
---------------+-------------------------------------------+-----
Fighting       | 4 5 6 7 8 10 11 13 | 13.5
Long Blades    | 3 4 5 6 8 11 13 14 15 16 17 | 17.0
Armour         | 4 5 6 7 9 10 11 12 13 14 | 14.1
Shields        | 4 5 6 7 9 10 12 13 | 13.4
Dodging        | 1 2 4 5 6 7 8 |  8.3
Evocations     | 1 2 |  2.1
Stealth        | 1 2 |  2.6
Invocations    | 1 |  1.5

Action                     |  1- 3 |  4- 6 |  7- 9 | 10-12 | 13-15 || total
---------------------------+-------+-------+-------+-------+-------++-------
  Melee: Long sword        |   111 |   160 |   127 |   133 |       ||   531
         Headbutt          |    13 |    25 |    54 |   146 |   165 ||   403
         Falchion          |       |       |   122 |       |       ||   122
         Scimitar          |       |       |       |   495 |   700 ||  1195
 Invoke: Heroism           |       |       |       |     9 |    10 ||    19
  Evoke: Wand              |       |       |     4 |     7 |     6 ||    17
    Use: Potion            |     5 |     2 |     2 |     3 |     1 ||    13
         Scroll            |     4 |     5 |     2 |     9 |     6 ||    26
 Armour: Scale mail        |   105 |    71 |    31 |   285 |   174 ||   666
         Chain mail        |       |    88 |   104 |       |       ||   192
         Plate armour      |       |       |       |       |   329 ||   329
  Dodge: Dodged            |    55 |    82 |    70 |   226 |   275 ||   708
  Block: Buckler           |    25 |    45 |    92 |   250 |   453 ||   865
         Reflection        |       |       |     1 |    13 |     9 ||    23
   Form: Beast             |       |       |       |       |     1 ||     1
